 Dungeon Crawl Stone Soup version 0.30-a0-782-ge64f9170bb (webtiles) character file.

Game seed: 5162467519208385164

2961 Flugslaktarn the Chopper (level 9, -2/70 HPs)
             Began as a Demonspawn Fighter on Mar 7, 2023.
             Was a Believer of Uskayaw.
             Killed by divine providence
             ... invoked by an orc priest
              (16 damage)
             ... on level 9 of the Dungeon.
             The game lasted 00:04:12 (5838 turns).

Flugslaktarn the Chopper (Demonspawn Fighter)       Turns: 5838, Time: 00:04:12

Health: -2/70      AC: 16    Str: 20    XL:     9   Next: 52%
Magic:  11/11      EV:  7    Int: 12    God:    Uskayaw [**....]
Gold:   499        SH:  9    Dex: 15    Spells: 8/8 levels left

rFire   . . .      SeeInvis .    a - +0 war axe
rCold   . . .      Faith    .    c - +0 buckler
rNeg    + . .      Spirit   .    e - +0 chain mail
rPois   .          Reflect  .    (no helmet)
rElec   .          Harm     .    n - +0 cloak
rCorr   .          Rampage  .    k - +0 pair of gloves of Boiqiogh {rN+ Dex+2}
Will    .....                    (no boots) Stlth
                                 m - amulet of regeneration
HPRegen 1.11/turn                (no ring)
MPRegen 0.12/turn                (no ring)

@: no status effects
A: foul stench 1, icemail 1, big brain 1, condensation shield
a: Renounce Religion, Stomp, Line Pass


You were on level 9 of the Dungeon.
You worshipped Uskayaw.
Uskayaw was noncommittal.
You visited 2 branches of the dungeon, and saw 9 of its levels.
You also visited: Ossuary.

You collected 499 gold pieces.

Inventory:

Hand Weapons
 a - a +0 war axe (weapon)
Armour
 b - a +0 scale mail
 c - a +0 buckler (worn)
 e - a +0 chain mail (worn)
   (You found it on level 1 of the Dungeon)
 k - the +0 pair of gloves of Boiqiogh (worn) {rN+ Dex+2}
   (You found it on level 3 of the Dungeon)

   Dex:       It affects your dexterity (+2).
   rN:        It protects you from negative energy.
 n - a +0 cloak (worn)
   (You took it off Crazy Yiuf on level 3 of the Dungeon)
Jewellery
 m - an amulet of regeneration (around neck)
   (You found it on level 6 of the Dungeon)
Wands
 j - a wand of acid (3)
   (You found it on level 3 of the Dungeon)
 o - a wand of roots (2)
   (You took it off Edmund on level 6 of the Dungeon)
 u - a wand of mindburst (18)
   (You found it on level 3 of the Dungeon)
Scrolls
 f - 2 scrolls of fear {unknown}
 r - 3 scrolls of identify
 t - a scroll of teleportation
 v - 2 scrolls of summoning {unknown}
 y - 2 scrolls of fog
 B - a scroll of blinking {unknown}
Potions
 d - a potion of might
 g - a potion of cancellation
 h - a potion of haste
 i - 2 potions of attraction
 l - a potion of magic {unknown}
 p - a potion of invisibility {unknown}
 q - 4 potions of curing
 s - a potion of lignification {unknown}
 w - a potion of heal wounds
 x - 4 potions of degeneration {unknown}
 z - a potion of flight {unknown}
 A - a potion of resistance {unknown}


   Skills:
 + Level 6.3 Fighting
 * Level 7.3 Axes
 + Level 5.9 Armour
 - Level 3.6 Shields
 + Level 3.1 Invocations
 - Level 5.8 Evocations


You had 8 spell levels left.
You didn't know any spells.
Your spell library was empty.

Dungeon Overview and Level Annotations

Branches:
Dungeon (9/15)             Temple (1/1) D:4         Ossuary (visited)
   Lair: D:8-11         Orc: D:9-12

Altars:
Cheibriados
Dithmenos
Gozag
Hepliaklqana
Kikubaaqudgha
Makhleb
Nemelex Xobeh
Okawaru
Qazlal
Ru
Sif Muna
Trog
Uskayaw
Vehumet
Wu Jian
Xom

Shops:
D:2 (

Annotations:
D:5 exclusion: door


Innate Abilities, Weirdness & Mutations

You may rarely emit foul miasma when damaged in melee.
A meltable icy envelope protects you from harm. (AC +4)
You have an unusually large brain. (Int +2)
A meltable shield of frost defends you. (SH +4)


Message History

You can now pass through a line of other dancers.
No target in view!
You hit something but do no damage. Something completely misses you.
No target in view!
You hit something but do no damage. You block something's attack.
Something hits you but does no damage.
No target in view!
You hit something but do no damage. Something hits you.
No target in view!
You slash something!
Reactivating autopickup.
You feel a bit more experienced.
No target in view!
Found a pair of gloves.
Things that are here:
a +3 dagger; a +0 robe; an orc corpse You see here a +0 pair of gloves.
An orc comes into view. It is wielding a +0 flail.
Found 6 stones.
The orc shouts!
A gnoll sergeant comes into view. It is wielding a +2 heavy trident.
An orc comes into view. It is wielding a +0 short sword.
There are monsters nearby!
There are monsters nearby!
An orc and 3 gnolls come into view.
A gnoll is wielding a +3 heavy flail.
The orc shouts! x2; The gnoll shouts! x2; You hear two shouts!
A gnoll comes into view.
It is wielding a +1 halberd of protection.
An orc priest and a gnoll come into view.
The orc priest shouts!
The gnoll shouts!
You hear a loud, deep croak!
A bullfrog comes into view.
Found 17 gold pieces.
The bullfrog gives a loud, deep croak!
The orc hits you but does no damage. You block the gnoll sergeant's attack.
The orc priest calls down the wrath of Beogh upon you.
Beogh smites you!
You hit the orc but do no damage. The orc hits you with a +0 flail.
You block the gnoll's attack.
The gnoll hits you from afar with a +0 spear.
You block the gnoll sergeant's attack.
You slash the orc!
You kill the orc!
You slash the orc!
You kill the orc!
The gnoll closely misses you. The gnoll barely misses you.
The orc priest calls down the wrath of Beogh upon you.
Beogh smites you!
You slash the orc!
You kill the orc!
The gnoll hits you from afar with a +0 halberd!
The gnoll hits you from afar with a +0 spear.
The gnoll sergeant hits you from afar with a +2 heavy trident.
You are too injured to fight recklessly!
You are too injured to fight recklessly!
You are too injured to fight recklessly!
You are too injured to fight recklessly!
You are too injured to fight recklessly!
The bullfrog attacks as you move away! The bullfrog hits you.
The bullfrog completely misses you.
The bullfrog snags a nearby spider with its tongue.
The orc priest mumbles some strange prayers to Beogh against you.
Beogh smites you! The bullfrog barely misses you.
Aiming: Fastroot
Press: ? - help, Shift-Dir - straight line The roots erupt in riotous growth!
Roots grab the gnoll. x3; Roots grab the bullfrog.
The grasping roots constrict the bullfrog.
The grasping roots constrict the gnoll! x3; You block the bullfrog's attack.
The gnoll struggles to escape constriction.
The gnoll hits you from afar with a +0 halberd.
The gnoll struggles to escape constriction.
The bullfrog hits you.
* * * LOW HITPOINT WARNING * * *
Unknown command.
You slash the bullfrog!
The bullfrog is severely wounded.
The grasping roots constrict the bullfrog!
You kill the bullfrog!
The grasping roots constrict the gnoll!
You kill the gnoll!
The grasping roots constrict the gnoll.
You kill the gnoll!
The grasping roots constrict the gnoll!
You kill the gnoll!
The orc priest calls down the wrath of Beogh upon you.
Beogh smites you!
* * * LOW HITPOINT WARNING * * *
You can now pass through a line of other dancers.
Your Invocations skill increases to level 3!
Unknown command.
You barely miss the gnoll. The gnoll barely misses you.
Unknown command.
Aiming: Fastroot
Press: ? - help, Shift-Dir - straight line The roots erupt in riotous growth!
Roots grab the orc priest.
Roots grab the gnoll.
The grasping roots constrict the orc priest.
The grasping roots constrict the gnoll!
The gnoll hits you but does no damage.
The orc priest calls down the wrath of Beogh upon you.
Beogh smites you!
You die...

#...........
#..##.......
##..##.......
#....#.$.##..
##gg.#...# #
##)o.#...#
#..).#...#
#..g.# #..@.#
##...# ##...#
#))).# ..
#)..)# ...
##..##...#
#...##...#
######.......>.
#....##........


You could see a gnoll sergeant, an orc priest (rooted) and 2 gnolls.

Vanquished Creatures
  5 yaks (D:6)
  Edmund (D:6)
  2 orc warriors (D:7)
  An ice beast (D:6)
  A black bear (D:6)
  2 ogres (D:5)
  A centaur (D:5)
  A phantom (D:6)
  2 kobold brigands
  A bullfrog (D:9)
  2 scorpions
  7 wights
  A howler monkey (D:5)
  Crazy Yiuf (D:3)
  2 orc priests (D:7)
  2 hounds
  2 iguanas (D:5)
  Ijyb (D:5)
  4 orc wizards
  9 mummies
  7 gnolls
  6 adders
  A shadow imp (D:7)
  4 ufetubi (D:5)
  2 worms
  2 dart slugs
  12 orcs
  6 ball pythons
  9 endoplasms
  A giant cockroach (D:1)
  11 hobgoblins
  10 jackals
  A quokka (D:2)
  4 bats
  4 frilled lizards
  7 goblins
  3 hobgoblin zombies (Ossuary)
  18 kobolds
  2 kobold zombies (Ossuary)
  3 orc zombies (Ossuary)
  6 rats
167 creatures vanquished.

Vanquished Creatures (others)
  5 plants (D:5)
5 creatures vanquished.

Grand Total: 172 creatures vanquished

Notes
Turn   | Place    | Note
-------+----------+-------------------------------------------
     0 | D:1      | Flugslaktarn the Demonspawn Fighter began the quest for the
                  | Orb.
     0 | D:1      | Reached XP level 1. HP: 18/18 MP: 1/1
    26 | D:1      | Reached skill level 2 in Axes
    26 | D:1      | Gained mutation: A meltable shield of frost defends you.
                  | (SH +4) [demonic ancestry]
    26 | D:1      | Reached XP level 2. HP: 15/24 MP: 2/2
    77 | D:1      | Found a faded altar of an unknown god.
   227 | D:1      | Gained mutation: You may rarely emit foul miasma when
                  | damaged in melee. [demonic ancestry]
   227 | D:1      | Reached XP level 3. HP: 29/29 MP: 3/3
   991 | D:2      | Found Reaqicka's Antique Weapon Emporium.
  1199 | D:3      | Gained mutation: You have an unusually large brain. (Int
                  | +2) [demonic ancestry]
  1199 | D:3      | Reached XP level 4. HP: 28/35 MP: 4/4
  1319 | D:3      | Found a runed translucent door.
  1320 | D:3      | Noticed Crazy Yiuf
  1328 | D:3      | Killed Crazy Yiuf
  1630 | D:3      | Noticed a scorpion
  1639 | D:3      | Killed a scorpion
  1640 | D:3      | Gained mutation: A meltable icy envelope protects you from
                  | harm. (AC +4) [demonic ancestry]
  1640 | D:3      | Reached XP level 5. HP: 41/42 MP: 5/5
  1673 | D:3      | Identified the +0 pair of gloves of Boiqiogh {rN+ Dex+2}
  2013 | D:4      | Reached skill level 3 in Axes
  2336 | D:4      | Found a staircase to the Ecumenical Temple.
  2524 | Temple   | Entered the Ecumenical Temple
  2613 | Temple   | Became a worshipper of Uskayaw the Reveller
  2645 | D:5      | Entered Level 5 of the Dungeon
  2669 | D:5      | Noticed Ijyb
  2686 | D:5      | Reached * piety under Uskayaw
  2687 | D:5      | Killed Ijyb
  2688 | D:5      | Reached skill level 1 in Evocations
  2791 | D:5      | Noticed a centaur
  2797 | D:5      | Reached ** piety under Uskayaw
  2801 | D:5      | Killed a centaur
  2802 | D:5      | Reached XP level 6. HP: 19/48 MP: 6/6
  3110 | D:5      | Reached *** piety under Uskayaw
  3129 | D:5      | Reached **** piety under Uskayaw
  3130 | D:5      | Reached skill level 4 in Axes
  3135 | D:5      | Reached XP level 7. HP: 18/55 MP: 7/7
  3405 | D:5      | Found an opulent altar of Gozag.
  3407 | D:5      | Found an ornate altar of the Wu Jian Council.
  3818 | D:5      | Found a burning altar of Makhleb.
  3998 | D:6      | Noticed a yak
  3999 | D:6      | Noticed a yak
  3999 | D:6      | Noticed a yak
  4025 | D:6      | Noticed a yak
  4026 | D:6      | Noticed a yak
  4036 | D:6      | Killed a yak
  4039 | D:6      | Killed a yak
  4039 | D:6      | Killed a yak
  4040 | D:6      | Reached skill level 5 in Fighting
  4040 | D:6      | Reached skill level 5 in Axes
  4040 | D:6      | Reached XP level 8. HP: 61/62 MP: 8/8
  4044 | D:6      | Reached ***** piety under Uskayaw
  4045 | D:6      | Reached skill level 5 in Armour
  4045 | D:6      | Reached skill level 5 in Evocations
  4260 | D:6      | Reached skill level 6 in Axes
  4824 | D:6      | Reached XP level 9. HP: 65/66 MP: 9/9
  4897 | D:6      | Reached skill level 1 in Invocations
  5071 | D:6      | Noticed Edmund
  5081 | D:6      | Killed Edmund
  5243 | D:7      | Found a sand-covered staircase.
  5264 | Ossuary  | Entered an ossuary
  5507 | D:7      | Reached skill level 7 in Axes
  5763 | D:7      | Found a snail-covered altar of Cheibriados.
  5773 | D:7      | You fall into a shaft and drop 2 floors!
  5838 | D:9      | Killed from afar by an orc priest

Illustrated notes

Levels and vault maps discovered:
D:1:      heliophobic_arrival_battle_scene, layout_loops_ring,
          ebering_ecumenical_altar_rust
D:2:      layout_rooms, serial_shops, shop, grunt_decor_fettered
D:3:      layout_loops_ring, uniq_crazy_yiuf_cottage
D:4:      layout_cave_pools, minmay_temple_entry_fiery
D:5:      cheibrodos_two_vegetables, layout_loops_cross, amcnicky_altar_gilded,
          grunt_temple_overflow_open, uniq_ijyb
D:6:      layout_basic, chequers_serial_rivers_micro_c, nicolae_titane,
          uniq_edmund
D:7:      layout_loops_ring, cheibrodos_ashenzari_chains, slow_altar_1,
          nicolae_ossuary_entry_monument, uniq_prince_ribbit1
D:9:      layout_gridville, serial_shops, nicolae_take_the_stairs
Temple:   nicolae_temple_superstar

Skill      XL: |  1  2  3  4  5  6  7  8  9 |
---------------+----------------------------+-----
Axes           | 2 3 4 5 6 7 |  7.3
Armour         | 3 4 5 |  5.9
Shields        | 3 |  3.6
Fighting       | 4 5 6 |  6.3
Evocations     | 1 2 4 5 |  5.8
Invocations    | 3 |  3.1

Action                     |  1- 3 |  4- 6 |  7- 9 || total
---------------------------+-------+-------+-------++-------
  Melee: War axe           |   128 |   144 |   311 ||   583
  Evoke: Wand              |       |     3 |     5 ||     8
    Use: Scroll            |       |       |     9 ||     9
         Potion            |       |       |     7 ||     7
   Stab: Paralysed         |       |     3 |     9 ||    12
 Armour: Scale mail        |    12 |       |       ||    12
         Chain mail        |    55 |    88 |   172 ||   315
  Dodge: Dodged            |    43 |    45 |    92 ||   180
  Block: Buckler           |    57 |    76 |   151 ||   284

Table legend: (Time is in decaauts)
 A = Elapsed time spent in this place.
 B = Non-inter-level travel time spent in this place.
 C = Inter-level travel time spent in this place.
 D = Time resting spent in this place.
 E = Time spent auto-exploring this place.
 F = Levels seen in this place.
 G = Mean time per level.
                   A        B        C        D        E       F      G
               +--------+--------+--------+--------+--------+-----+--------+
         Total |   6005 |   5818 |    187 |    953 |   3492 |  10 |  600.5 |
       Dungeon |   5713 |   5548 |    165 |    953 |   3322 |   8 |  714.1 |
        Temple |     98 |     77 |     21 |      0 |     60 |   1 |   98.0 |
       Ossuary |    192 |    192 |      0 |      0 |    110 |   1 |  192.0 |
               +--------+--------+--------+--------+--------+-----+--------+

Top non-repeatable levels by time:
     D:5: 1512 daAuts
     D:6: 1133 daAuts
     D:3: 906 daAuts
     D:1: 771 daAuts
     D:4: 573 daAuts
     D:2: 388 daAuts
     D:7: 360 daAuts
 Ossuary: 192 daAuts
  Temple: 98 daAuts
     D:9: 68 daAuts
